 Dungeon Crawl Stone Soup version 0.31.0-12-g77e489cdc1 (webtiles) character file.

Game seed: 8628065671377364047

375 Silvore the Covered (level 6, -1/56 HPs)
             Began as a Minotaur Fighter on Feb 17, 2024.
             Slain by a hobgoblin (3 damage)
             ... on level 4 of the Dungeon.
             The game lasted 00:03:20 (3039 turns).

Silvore the Covered (Minotaur Fighter)              Turns: 3039, Time: 00:03:21

Health: -1/56      AC:  7    Str: 22    XL:     6   Next: 44%
Magic:  5/5        EV: 10    Int:  5    God:
Gold:   124        SH:  5    Dex: 10    Spells: 5/5 levels left

rFire   . . .        a - +0 long sword (flame)
rCold   . . .        c - +1 buckler
rNeg    . . .        b - +0 scale mail
rPois   .            (helmet restricted)
rElec   .            (no cloak)
rCorr   .            (no gloves)
SInv    .            (no boots)
Will    .....        (no amulet) Stlth
                     (no ring)
HPRegen 0.29/turn    (no ring)
MPRegen 0.09/turn

%: no passive effects
@: no status effects
A: horns 2, retaliatory headbutt
a: no special abilities


You were on level 4 of the Dungeon.
You visited 1 branch of the dungeon, and saw 4 of its levels.

You collected 124 gold pieces.

Inventory:

Hand Weapons
 a - a +0 long sword of flaming (weapon)
Missiles
 l - a throwing net (quivered)
Armour
 b - a +0 scale mail (worn)
 c - a +1 buckler (worn)
Jewellery
 e - a ring of magical power
 n - a ring of positive energy
Scrolls
 k - a scroll of identify
Potions
 d - a potion of attraction
 f - a potion of magic
 g - a potion of haste {unknown}
 h - a potion of mutation {unknown}
 i - 2 potions of cancellation
 j - a potion of enlightenment {unknown}
 m - a potion of ambrosia {unknown}


   Skills:
 + Level 5.2 Fighting
 + Level 4.9 Long Blades
 + Level 5.7 Armour
 + Level 1.4 Dodging
 + Level 0.2 Stealth
 + Level 4.4 Shields


You had 5 spell levels left.
You didn't know any spells.
Your spell library contained the following spells:

 Spells                   Type           Power      Damage    Failure   Level
 Passage of Golubria      Tloc           0%         N/A       100%        4
 Silence                  Hex/Air        0%         N/A       100%        5
 Lehudib's Crystal Spear  Conj/Erth      0%         10d2      100%        8


Dungeon Overview and Level Annotations

Branches:
Dungeon (4/15)
 Temple: D:4-7

Altars:
Makhleb
Sif Muna
Uskayaw

Shops:
D:1 [?=


Innate Abilities, Weirdness & Mutations

You have a pair of horns on your head.
You reflexively headbutt those who attack you in melee.


Message History

The orc priest is lightly wounded.
The orc priest barely misses you.
You hear some strange, mumbled words.
A puff of flame appears from out of thin air!
The puff of flame misses you.
You hit the orc priest. You burn the orc priest.
You headbutt the orc priest, but do no damage.
The orc priest is heavily wounded.
The orc priest hits you but does no damage.
Something hits you but does no damage. Something hits you.
The orc priest hits you with a +0 hand axe.
You hit the orc priest but do no damage.
The orc priest is heavily wounded.
The orc priest barely misses you. Something hits you but does no damage.
Unknown command.
You hit the orc priest but do no damage.
Your headbutt misses the orc priest.
The orc priest is heavily wounded.
The orc priest barely misses you. Something hits you but does no damage.
You hit the orc priest. You burn the orc priest.
The orc priest is severely wounded.
The orc priest invokes the aid of Beogh against you.
Beogh smites you!
* * * LOW HITPOINT WARNING * * *
Something hits you.
* * * LOW HITPOINT WARNING * * *
You hit the orc priest. You burn the orc priest.
You kill the orc priest!
Something hits you.
* * * LOW HITPOINT WARNING * * *
Unknown command.
You barely miss something. The hobgoblin closely misses you.
Something hits you.
* * * LOW HITPOINT WARNING * * *
You hear some strange, mumbled words.
Something tries to affect you, but you resist.
The hobgoblin completely misses you.
You miss something. You headbutt something.
Something hits you but does no damage. The hobgoblin hits you.
You die...

#. ## #. .. #.
########o#..# #.
#.##..@go...#
##.##.#...{#......
##..#.....### #....
#.............# ...
###.....#....## .
#......#.....# ##
##...........# ##.
#..............
##..##.............#


You could see 2 orcs and a hobgoblin.

Vanquished Creatures
  A scorpion (D:3)
  A hound (D:4)
  2 orc priests
  2 orc wizards (D:3)
  4 gnolls (D:3)
  3 adders
  5 ribbon worms
  2 dart slugs
  9 orcs (D:3)
  3 endoplasms (D:1)
  11 giant cockroaches
  10 goblins
  5 hobgoblins
  8 jackals
  2 quokkas (D:3)
  6 ball pythons
  4 bats
  3 frilled lizards
  7 kobolds
  2 rats (D:2)
90 creatures vanquished.

Notes
Turn   | Place    | Note
-------+----------+-------------------------------------------
     0 | D:1      | Silvore the Minotaur Fighter began the quest for the Orb.
     0 | D:1      | Reached XP level 1. HP: 19/19 MP: 0/0
   102 | D:1      | Found Hehuboog's Armour Shoppe.
   342 | D:1      | Found Yttadorr's Magic Scroll Emporium.
   367 | D:1      | Reached XP level 2. HP: 22/27 MP: 1/1
   724 | D:1      | Found Ulu Itse's Jewellery Shop.
   980 | D:2      | Reached XP level 3. HP: 33/33 MP: 2/2
  1282 | D:2      | Reached XP level 4. HP: 8/41 MP: 3/3
  1871 | D:3      | Reached XP level 5. HP: 20/47 MP: 4/4
  1872 | D:3      | Reached skill level 1 in Dodging
  1875 | D:3      | Found a hide-covered altar of Uskayaw.
  1875 | D:3      | Found a shimmering blue altar of Sif Muna.
  2072 | D:3      | Reached skill level 5 in Armour
  2535 | D:3      | Found a burning altar of Makhleb.
  2535 | D:3      | Noticed a blizzard demon
  2990 | D:3      | Reached skill level 5 in Fighting
  2990 | D:3      | Reached XP level 6. HP: 55/56 MP: 5/5
  3038 | D:4      | HP: 2/56 [something (3)]
  3039 | D:4      | Slain by a hobgoblin

Illustrated notes

Levels and vault maps discovered:
D:1:      dpeg_arrival_rooms_b, layout_loops_corners, serial_shops,
          nicolae_shop_statue_plus, shop, nicolae_diamond_shop,
          dreamdust_princess_bridge
D:2:      layout_loops_ring, minmay_worlds_worst_comb
D:3:      layout_basic, makhleb_altar_promises_db,
          mainiacjoe_overflow_divided_tiny
D:4:      layout_cave_pools, mainiacjoe_overflow_alcove_4,
          mainiacjoe_overflow_cross_hatched, nicolae_zen_rock_garden,
          kennysheep_small_square

Skill      XL: |  1  2  3  4  5 |
---------------+----------------+-----
Fighting       | 4 5 |  5.2
Armour         | 4 5 |  5.7
Long Blades    | 3 4 |  4.9
Shields        | 4 |  4.4
Dodging        | 1 |  1.4
Stealth        | |  0.2

Action                     |  1- 3 |  4- 6 || total
---------------------------+-------+-------++-------
  Melee: Long sword        |   118 |   119 ||   237
         Headbutt          |    16 |    15 ||    31
    Use: Scroll            |     4 |     3 ||     7
         Potion            |       |     1 ||     1
 Armour: Scale mail        |    81 |   136 ||   217
  Dodge: Dodged            |    62 |    63 ||   125
  Block: Buckler           |    40 |    32 ||    72
